 Dungeon Crawl Stone Soup version 0.32-a0-913-g739538afd8 (webtiles) character file.

Game seed: 5767471880999058171

44 Zdeegee the Covered (level 3, -4/31 HPs)
             Began as a Mountain Dwarf Fighter on Apr 8, 2024.
             Slain by a gnoll
             ... wielding a +0 club
              (7 damage)
             ... on level 2 of the Dungeon.
             The game lasted 00:03:05 (1469 turns).

Zdeegee the Covered (Mountain Dwarf Fighter)        Turns: 1469, Time: 00:03:06

Health: -4/31      AC:  7    Str: 20    XL:     3   Next: 41%
Magic:  3/3        EV:  8    Int:  8    God:
Gold:   45         SH:  4    Dex:  9    Spells: 3/3 levels left

rFire   . . .        a - +0 war axe
rCold   . . .        c - +0 buckler
rNeg    + . .        b - +0 scale mail
rPois   .            (no helmet)
rElec   .            (no cloak)
rCorr   .            (no gloves)
SInv    .            (no boots)
Will    .....        (no amulet) Stlth
                     j - ring of positive energy
HPRegen 0.25/turn    (no ring)
MPRegen 0.08/turn

%: no passive effects
@: no status effects
A: runic magic, artefact enchanting
a: no special abilities


You were on level 2 of the Dungeon.
You visited 1 branch of the dungeon, and saw 2 of its levels.

You collected 45 gold pieces.

Inventory:

Hand Weapons
 a - a +0 war axe (weapon)
Missiles
 k - 5 javelins (quivered)
Armour
 b - a +0 scale mail (worn)
 c - a +0 buckler (worn)
 l - an orb of wrath
Jewellery
 j - a ring of positive energy (left hand)
Scrolls
 f - a scroll of identify {unknown}
Potions
 d - a potion of might
 e - a potion of mutation {unknown}
 h - a potion of degeneration {unknown}
 i - a potion of curing {unknown}


   Skills:
 * Level 3.5 Fighting
 + Level 2.8 Axes
 * Level 3.9 Armour
 * Level 3.6 Shields
 * Level 0.5 Spellcasting
 * Level 0.8 Fire Magic
 * Level 0.4 Invocations


You had 3 spell levels left.
You didn't know any spells.
Your spell library contained the following spells:

 Spells                   Type           Power      Damage    Failure   Level
 Volatile Blastmotes      Fire/Tloc      0%         2d10      86%         3
 Fulminant Prism          Conj/Alch      0%         3d5       100%        4
 Iskenderun's Mystic Bla Conj/Tloc 0%             2d3        (+2d1     100%        4


Dungeon Overview and Level Annotations

Branches:
Dungeon (2/15)

Altars:


Innate Abilities, Weirdness & Mutations

Your spellcasting is much less encumbered by armour.
You can use scrolls of enchantment on lesser artefacts.


Message History

The hobgoblin barely misses you. The gnoll hits you with a +0 club.
You climb upwards.
There is a stone staircase leading down, spattered with blood here.
You slash the hobgoblin!
You kill the hobgoblin!
You closely miss the gnoll. The gnoll hits you but does no damage.
You hit the gnoll but do no damage. The gnoll hits you with a +0 club.
Unknown command.
You closely miss the gnoll. The gnoll hits you with a +0 club.
The gnoll barely misses you.
You hit the gnoll but do no damage. The gnoll hits you with a +0 club.
You slash the gnoll!
The gnoll is severely wounded.
You block the gnoll's attack. The gnoll hits you with a +0 club.
You slash the gnoll!
You kill the gnoll!
No target in view!
You start resting.
Things that are here:
a +0 club; a gnoll corpse
There is a stone staircase leading down, spattered with blood here.
You start resting.
HP restored.
Unknown command.
Unknown command.
You climb downwards.
The bat barely misses you. The gnoll hits you with a +0 club.
The bat barely misses you. The gnoll barely misses you.
There is a stone staircase leading up, spattered with blood here.
You slash the gnoll!
The gnoll is heavily wounded.
You closely miss the bat. You hit the gnoll but do no damage.
The bat hits you but does no damage. The gnoll hits you with a +0 club.
The gnoll hits you with a +0 flail. You block the gnoll's attack.
The rat misses you. The gnoll hits you with a +0 flail!
Unknown command.
The gnoll hits you from afar with a +0 heavy halberd!
* * * LOW HITPOINT WARNING * * *
The gnoll hits you with a +0 club!
You die...

g.# .#.......#..##....
#..##.......g.........
#.....##..g###.######
.... ##r.# #.# #..##
#.####.#
#...###....#g# .
#.#b....##.#g#
....##.#rg#####.#g#
..?...g@g........g#
#...#####.#####.### #
#.#####g# #..g..g.#
#########


You could see 3 gnolls, a bat and a rat.

Vanquished Creatures
  A gnoll (D:1)
  An adder (D:1)
  2 dart slugs (D:1)
  3 endoplasms (D:1)
  A giant cockroach (D:1)
  2 goblins (D:1)
  2 hobgoblins
  2 kobolds
  4 ball pythons (D:1)
  3 bats (D:1)
  2 rats
23 creatures vanquished.

Notes
Turn   | Place    | Note
-------+----------+-------------------------------------------
     0 | D:1      | Zdeegee the Mountain Dwarf Fighter began the quest for the
                  | Orb.
     0 | D:1      | Reached XP level 1. HP: 19/19 MP: 1/1
     3 | D:1      | Noticed an electric eel
     4 | D:1      | Noticed an electric eel
   166 | D:1      | Reached XP level 2. HP: 22/26 MP: 2/2
  1324 | D:1      | Reached XP level 3. HP: 13/31 MP: 3/3
  1469 | D:2      | Slain by a gnoll

Illustrated notes

Levels and vault maps discovered:
D:1:      arrival_aquarium_b, layout_basic
D:2:      layout_loops_cross, minmay_bisected

Action                     || total
---------------------------++-------
  Melee: War axe           ||    53
    Use: Scroll            ||     4
 Armour: Scale mail        ||    84
  Dodge: Dodged            ||    37
  Block: Buckler           ||    19

Table legend: (Time is in decaauts)
 A = Elapsed time spent in this place.
 B = Non-inter-level travel time spent in this place.
 C = Inter-level travel time spent in this place.
 D = Time resting spent in this place.
 E = Time spent auto-exploring this place.
 F = Levels seen in this place.
 G = Mean time per level.
                   A        B        C        D        E       F      G
               +--------+--------+--------+--------+--------+-----+--------+
         Total |   1492 |   1411 |     81 |    126 |   1090 |   2 |  746.0 |
       Dungeon |   1492 |   1411 |     81 |    126 |   1090 |   2 |  746.0 |
               +--------+--------+--------+--------+--------+-----+--------+

Top non-repeatable levels by time:
     D:1: 1447 daAuts
     D:2: 45 daAuts
